 Dungeon Crawl Stone Soup version 0.19.3-1-g3169bf9 (webtiles) character file.

28 Lahna the Slasher (level 2, 0/24 HPs)
             Began as a Demonspawn Abyssal Knight on Jan 23, 2017.
             Was a Follower of Lugonu.
             Killed from afar by Natasha (7 damage)
             ... with a magic dart
             ... on level 2 of the Dungeon.
             The game lasted 00:01:52 (675 turns).

Lahna the Slasher (Demonspawn Abyssal Knight)        Turns: 675, Time: 00:01:53

Health: 0/24       AC:  3    Str: 12    XL:     2   Next: 96%
Magic:  3/3        EV: 11    Int: 13    God:    Lugonu [*.....]
Gold:   47         SH:  0    Dex: 12    Spells: 0 memorised, 1 level left

rFire  + . .     SeeInvis .     a - +1 falchion
rCold  . . .     Gourm    .     d - +0 leather armour {rF+}
rNeg   . . .     Faith    .     (no shield)
rPois  .         Spirit   .     (helmet restricted)
rElec  .         Reflect  .     (no cloak)
rCorr  .         Harm     .     (no gloves)
MR     .....                    (no boots)
Stlth  +.........               m - amulet of magic regeneration
                                (no ring)
                                (no ring)

@: slowed, very slow
A: horns 1
a: Depart the Abyss, Renounce Religion


You were on level 2 of the Dungeon.
You worshipped Lugonu.
Lugonu was aware of your devotion.
You were not hungry.

You visited 1 branch of the dungeon, and saw 2 of its levels.
You visited the Abyss 1 time.

You collected 47 gold pieces.

Inventory:

Hand Weapons
 a - a +1 falchion (weapon)
Armour
 d - a +0 leather armour of fire resistance (worn)
Jewellery
 m - an amulet of magic regeneration (around neck)
Scrolls
 e - a scroll of fear {unknown}
 f - a scroll of teleportation {unknown}
 j - a scroll of immolation {unknown}
 k - 3 scrolls of random uselessness {unknown}
 l - 2 scrolls of identify {unknown}
Potions
 h - a potion of heal wounds {unknown}
 i - 2 potions of lignification {unknown}
Comestibles
 b - 7 chunks of flesh
 c - 2 bread rations
 g - a meat ration
 n - a beef jerky


   Skills:
 - Level 3.0 Fighting
 + Level 3.1 Long Blades
 - Level 1.7 Armour
 - Level 0.8 Dodging
 - Level 2.4 Invocations


You had one spell level left.
You didn't know any spells.

Dungeon Overview and Level Annotations

Branches:
Dungeon (2/15)

Altars:

Annotations:
D:2 Natasha


Innate Abilities, Weirdness & Mutations

You have a pair of small horns on your head.


Message History

You butcher the giant cockroach corpse.
b - 7 chunks of flesh (gained 1)
n - a beef jerky Natasha, Servant of Life and Death comes into view.
Natasha hisses angrily.
Natasha casts a spell at you. You resist with significant effort.
Natasha hisses.
Natasha casts a spell at you.
You feel yourself slow down.
You barely miss Natasha. Your headbutt misses Natasha.
Natasha mumbles some strange words.
You completely miss Natasha. Natasha claws you! Natasha barely misses you.
You miss the crimson imp.
The crimson imp hits you but does no damage.
Natasha claws you!
* * * LOW HITPOINT WARNING * * *
Natasha stares at you and mumbles some strange words.
The magic dart hits you!
You die...

░..░ ░..░░░
░░░░░░░...░ ░░░░
░.........░░...
░.........░..░
░..<......░.░░
░......>.....░░░░░░░░
░....................
░........░.░░@.░░░░░░
░░░░░░░░....5h..░
░░░.░░░...░ ...░
...... ...░░░ ░..░░..
..... ░... . .(..
░░░. ...) ...


You could see Natasha and a crimson imp.

Vanquished Creatures
  An ooze (D:1)
  A giant cockroach (D:2)
  5 goblins (D:1)
  4 hobgoblins (D:1)
  A kobold (D:1)
  4 bats (D:1)
  3 frilled lizards (D:1)
  3 rats (D:1)
22 creatures vanquished.

Notes
Turn   | Place    | Note
-------+----------+-------------------------------------------
     0 | Abyss:1  | Lahna the Demonspawn Abyssal Knight began the quest for the Orb.
     0 | Abyss:1  | Reached XP level 1. HP: 18/18 MP: 2/2
    53 | Abyss:1  | Noticed a shadow dragon zombie
    53 | Abyss:1  | Noticed a chaos spawn
    53 | D:1      | Escaped the Abyss
   237 | D:1      | Gained mutation: You have a pair of small horns on your head. [demonic ancestry]
   237 | D:1      | Reached XP level 2. HP: 20/24 MP: 3/3
   282 | D:1      | Reached * piety under Lugonu
   669 | D:2      | Noticed Natasha
   674 | D:2      | Noticed a crimson imp
   675 | D:2      | Killed from afar by Natasha

Skill      XL: |  1  2 |
---------------+-------+-----
Long Blades    | 2 3 |  3.1
Fighting       | |  3.0
Armour         | |  1.7
Dodging        | |  0.8
Invocations    | |  2.4

Action                   || total
-------------------------++-------
Melee: Falchion          ||    49
       Headbutt          ||     4
Invok: Depart the Abyss  ||     1
Armor: Leather armour    ||    15
Dodge: Dodged            ||    23
       Rpst.: Falchion   ||     4
